 Dungeon Sprint DCSS version 0.29-a0-542-g075992c915 (webtiles) character file.

Game seed: 14525631871712123880

4328 rocky1 the Nimble (level 10, -2/83 HPs)
             Began as a Djinni Fighter on June 4, 2022.
             Was a Follower of Ashenzari.
             Slain by Urug
             ... wielding a +4 demon trident
              (10 damage)
             ... in the Dungeon (Sprint VII: "The Pits").
             The game lasted 00:09:23 (2489 turns).

rocky1 the Nimble (Djinni Fighter)                  Turns: 2489, Time: 00:09:24

Health: -2/83      AC: 15    Str: 17    XL:     10   Next: 59%
Gold:   0          EV: 16    Int: 16    God:    Ashenzari [*.....] SH:  7 Dex: 12

rFire   + + .      SeeInvis .   a - +2 long sword (flame)
rCold   x . .      Faith    .   c - +0 buckler of Ashenzari's Free Will {Fort, Melee} (curse)
rNeg    + . .      Spirit   .   s - +3 scale mail "Behold Eternity" {rN+, Fort, Self} (curse)
rPois   ∞          Reflect  .   p - +0 helmet
rElec   .          Harm     .   (no cloak)
rCorr   .          Rampage  .   q - +0 pair of gloves
Will    +....      NoTele   +   (boots unavailable)
Stlth   ..........              (no amulet)
HPRegen 0.23/turn               m - +3 ring of intelligence
MPRegen 0.00/turn               l - +3 ring of evasion

@: flying, invisible
A: sickness immunity, fire resistance 2, cold vulnerability 1, float, innate
caster, HP casting, extra vitality 1
a: Renounce Religion, Shatter the Chains


You were in the Dungeon.
You worshipped Ashenzari.
Ashenzari was aware of your devotion.
You visited 1 branch

Inventory:

Hand Weapons
 a - a +2 long sword of flaming (weapon)
 b - a +2 scimitar of holy wrath
Armour
 c - the cursed +0 buckler of Ashenzari's Free Will (worn) {Fort, Melee}

   It has a curse which improves the following skills: Fortitude: Armour and
   Shields.
   Melee Combat: Short Blades, Long Blades, Axes, Maces & Flails, Polearms,
   Staves and Unarmed Combat.
 p - a +0 helmet (worn)
 q - a +0 pair of gloves (worn)
 s - the cursed +3 scale mail "Behold Eternity" (worn) {rN+, Fort, Self}
   (You took it off Terence in the Dungeon)

   It has a curse which improves the following skills: Fortitude: Armour and
   Shields.
   Introspection: Fighting and Spellcasting.
Jewellery
 l - a +3 ring of evasion (right hand)
 m - a +3 ring of intelligence (left hand)
Scrolls
 k - a scroll of summoning
Potions
 d - 2 potions of might
 e - 8 potions of curing
 g - 2 potions of haste
 h - a potion of berserk rage
 j - a potion of invisibility
 n - a potion of brilliance
 o - 3 potions of mutation


   Skills:
 + Level 10.4(11.2) Fighting
 + Level 9.4(10.2) Long Blades
 + Level 10.4(11.7) Armour
 + Level 10.7 Dodging
 + Level 10.6(11.9) Shields
 + Level 7.5(8.4) Spellcasting


You had 16 spell levels left.
You knew the following spells:

 Your Spells              Type           Power      Damage    Failure   Level
a - Necrotize             Necr           100%       1d9       1%          1
b - Searing Ray           Conj           66%        2d6       1%          2
c - Wereblood             Tmut           33%        N/A       1%          2
d - Iskenderun's Mystic   Conj/Tloc      33%        2d8       11%         4
Your spell library was empty.

Dungeon Overview and Level Annotations

Branches:
Dungeon (1/1)

Altars:
Ashenzari
Cheibriados
Dithmenos
Elyvilon
Fedhas
Gozag
Hepliaklqana
Kikubaaqudgha
Makhleb
Nemelex Xobeh
Okawaru
Qazlal
Ru
Sif Muna
Trog
Uskayaw
Vehumet
Wu Jian
Xom
Yredelemnul
Zin
The Shining One
Beogh
Jiyva
Lugonu

Annotations:
D Urug


Innate Abilities, Weirdness & Mutations

You are immune to sickness and miasma.
You are immune to poison.
Your flesh is very heat resistant. (rF++)
You are vulnerable to cold. (rC-)
You float through the air rather than walking.
You learn spells naturally, not from books.
Your magical power is your life essence.
You have superior vitality. (+4 MHP)


Message History

You see here a yak corpse.
Unknown command.
You feel much better. Urug misses you.
You barely miss Urug.
Urug is lightly wounded.
Urug hits you with a +4 demon trident!!
* * * LOW HITPOINT WARNING * * *
You feel much better. Urug hits you with a +4 demon trident!
Casting: Iskenderun's Mystic Blast (dangerous; 11% risk of failure)
Confirm with . or Enter, or press ? or * to list all spells.
Okay, then.
You fade into invisibility!
Urug misses you.
You catch the helpless Urug completely off-guard!
You hit Urug.
Urug is lightly wounded.
You recover from your berserk rage.
You are too injured to fight recklessly!
Urug misses you.
You strike the helpless Urug from behind!
You hit Urug.
Urug is lightly wounded.
Urug throws a javelin.
You catch the helpless Urug completely off-guard!
You hit Urug but do no damage.
Urug is lightly wounded.
Urug barely misses you.
You hit Urug but do no damage.
Urug is lightly wounded.
Urug hits you with a +4 demon trident!
* * * LOW HITPOINT WARNING * * *
You strike the helpless Urug from behind!
You slash Urug! You burn Urug.
Urug is moderately wounded.
Urug hits you with a +4 demon trident!
* * * LOW HITPOINT WARNING * * *
You closely miss Urug.
Urug is moderately wounded.
Urug hits you with a +4 demon trident!
You die...

############ #_________.#
#_________.#
#_______...###########++######
##########+##................#
#.?(!')))+.##......#..#......#
##########.##................+
#...........†................+
#+#####)#####.@....#..#......#
#.#..#...+.##..o.............#
#.#..#...#.#####'#####''######
#.#..#####.##.......##''#######
#.#..+...#.##.......##....†Yo..
#.#..+...+.##.......##......'..
#.#..########...<...##.....##..
#.#..+.)))[##.......##...###...
#)#..#.)))[##.......##.[##.....


You could see Urug (can't see you).

Vanquished Creatures
  A black mamba (D)
  An unseen horror (D)
  A demonic crawler (D)
  A jumping spider (D)
  2 flying skulls (D)
  11 yaks (D)
  A basilisk (D)
  4 vampire mosquitoes (D)
  A water moccasin (D)
  A floating eye (D)
  A sky beast (D)
  A swamp drake (D)
  A centaur (D)
  A phantom (D)
  A scorpion (D)
  A hound (D)
  An orc priest (D)
  Terence (D)
  2 river rats (D)
  An ufetubus (D)
  An adder skeleton (D)
  2 worms (D)
  A ball python (D)
  2 endoplasms (D)
  A hobgoblin (D)
  2 jackals (D)
  3 bats (D)
  2 frilled lizards (D)
  3 kobolds (D)
52 creatures vanquished.

Notes
Turn   | Place    | Note
-------+----------+-------------------------------------------
     0 | D        | rocky1 the Djinni Fighter began the quest for the Orb.
     0 | D        | Reached XP level 1. HP: 20/20 MP: 0/0
    18 | D        | Found a bloodstained altar of Trog.
    18 | D        | Found a viscous altar of Jiyva.
    18 | D        | Found a hazy altar of Hepliaklqana.
    18 | D        | Found an opulent altar of Gozag.
    19 | D        | Found a glowing golden altar of the Shining One.
    19 | D        | Found a glowing silver altar of Zin.
    19 | D        | Found a basalt altar of Yredelemnul.
    19 | D        | Found a shimmering altar of Xom.
    19 | D        | Found an ornate altar of the Wu Jian Council.
    19 | D        | Found a sacrificial altar of Ru.
    19 | D        | Found a stormy altar of Qazlal.
    19 | D        | Found an iron altar of Okawaru.
    19 | D        | Found a sparkling altar of Nemelex Xobeh.
    19 | D        | Found a burning altar of Makhleb.
    19 | D        | Found a blossoming altar of Fedhas.
    19 | D        | Found a white marble altar of Elyvilon.
    19 | D        | Found a shadowy altar of Dithmenos.
    19 | D        | Found a snail-covered altar of Cheibriados.
    23 | D        | Found a corrupted altar of Lugonu.
    24 | D        | Found a broken altar of Ashenzari.
    24 | D        | Found a hide-covered altar of Uskayaw.
    32 | D        | Became a worshipper of Ashenzari the Shackled
   195 | D        | Reached skill level 1 in Dodging
   216 | D        | Noticed a floating eye
   218 | D        | Paralysed by a floating eye for 2 turns
   222 | D        | Paralysed by a floating eye for 4 turns
   227 | D        | Paralysed by a floating eye for 2 turns
   230 | D        | Paralysed by a floating eye for 2 turns
   232 | D        | Killed a floating eye
   233 | D        | Reached XP level 2. HP: 27/27 MP: 0/0
   233 | D        | Reached XP level 3. HP: 32/32 MP: 0/0
   233 | D        | Learned a level 1 spell: Necrotize
   233 | D        | Reached XP level 4. HP: 38/38 MP: 0/0
   233 | D        | Reached XP level 5. HP: 42/42 MP: 0/0
   233 | D        | Learned a level 2 spell: Searing Ray
   339 | D        | Noticed a sky beast
   351 | D        | Reached skill level 5 in Fighting
   351 | D        | Reached skill level 5 in Armour
   351 | D        | Reached skill level 5 in Shields
   364 | D        | Killed a sky beast
   365 | D        | Reached skill level 5 in Dodging
   365 | D        | Reached XP level 6. HP: 31/50 MP: 0/0
   659 | D        | Reached skill level 5 in Long Blades
   697 | D        | Noticed a water moccasin
   705 | D        | Killed a water moccasin
   706 | D        | Reached XP level 7. HP: 42/57 MP: 0/0
   706 | D        | Learned a level 2 spell: Wereblood
  1045 | D        | Noticed a vampire mosquito
  1045 | D        | Noticed a vampire mosquito
  1045 | D        | Noticed a vampire mosquito
  1045 | D        | Noticed a vampire mosquito
  1053 | D        | Killed a vampire mosquito
  1057 | D        | Killed a vampire mosquito
  1058 | D        | Reached skill level 5 in Spellcasting
  1058 | D        | Reached XP level 8. HP: 33/64 MP: 0/0
  1473 | D        | Noticed a yak
  1473 | D        | Noticed a yak
  1473 | D        | Noticed a yak
  1473 | D        | Noticed a yak
  1473 | D        | Noticed a yak
  1473 | D        | Noticed a yak
  1500 | D        | Killed a yak
  1507 | D        | Killed a yak
  1508 | D        | Reached XP level 9. HP: 19/71 MP: 0/0
  1508 | D        | Learned a level 4 spell: Iskenderun's Mystic Blast
  1516 | D        | Killed an unseen horror
  1818 | D        | Noticed Terence
  1818 | D        | Noticed a black mamba
  1818 | D        | Noticed a demonic crawler
  1829 | D        | Killed a demonic crawler
  1836 | D        | Killed a black mamba
  1837 | D        | Reached XP level 10. HP: 78/78 MP: 0/0
  1843 | D        | Killed Terence
  1844 | D        | Reached skill level 10 in Shields
  1882 | D        | Reached skill level 10 in Dodging
  2424 | D        | Reached * piety under Ashenzari
  2439 | D        | Reached skill level 10 in Fighting
  2439 | D        | Reached skill level 10 in Armour
  2449 | D        | Noticed Urug
  2489 | D        | Slain by Urug

Illustrated notes

Levels and vault maps discovered:
D:        pitsprint [storerooms_1, entrance_room_1, metal_vault_4, armoury_3,
          mini_pit_1, grid_room_1, main_hall_1, silver_pit, the_coven_3,
          the_vestibule_1, steel_vault_1, golden_pit, hallway_of_sentries,
          crystal_vault_5, iron_vault_1, final_vault]

Skill      XL: |  1  2  3  4  5  6  7  8  9 10 |
---------------+-------------------------------+-----
Long Blades    | 3 4 5 6 7 8 9 |  9.4
Dodging        | 3 5 6 7 8 9 10 | 10.7
Fighting       | 4 6 7 8 9 10 | 10.4
Armour         | 4 5 6 7 8 9 10 | 10.4
Shields        | 4 5 6 7 8 9 10 | 10.6
Spellcasting   | 2 3 4 5 6 7 |  7.5

Action                   |  1- 3 |  4- 6 |  7- 9 | 10-12 || total
-------------------------+-------+-------+-------+-------++-------
Melee: Long sword        |    18 |    45 |   124 |    80 ||   267
 Cast: Wereblood         |       |       |     3 |       ||     3
       Iskenderun's Myst |       |       |       |     4 ||     4
       Necrotize         |       |       |       |     1 ||     1
Invok: Curse Item        |       |     1 |       |     1 ||     2
  Use: Potion            |       |     1 |     3 |     8 ||    12
       Scroll            |       |       |       |     1 ||     1
 Stab: Invisible         |       |       |       |     4 ||     4
Armor: Scale mail        |     4 |     6 |    29 |    39 ||    78
       Ring mail         |       |    10 |    20 |       ||    30
Dodge: Dodged            |     6 |    16 |    65 |   100 ||   187
Block: Buckler           |     3 |     7 |    35 |    46 ||    91

Table legend: (Time is in decaauts)
 A = Elapsed time spent in this place.
 B = Non-inter-level travel time spent in this place.
 C = Inter-level travel time spent in this place.
 D = Time resting spent in this place.
 E = Time spent auto-exploring this place.
 F = Levels seen in this place.
 G = Mean time per level.
                   A        B        C        D        E       F      G
               +--------+--------+--------+--------+--------+-----+--------+
         Total |   2528 |   2465 |     63 |   1569 |      0 |   1 | 2528.0 |
       Dungeon |   2528 |   2465 |     63 |   1569 |      0 |   1 | 2528.0 |
               +--------+--------+--------+--------+--------+-----+--------+

Top non-repeatable levels by time:
       D: 2528 daAuts
